 Dungeon Crawl Stone Soup version 0.18.1-50-g88ac8fd (webtiles) character file.

292 Zekeros1 the Insei (level 6, -12/55 HPs)
             Began as a Hill Orc Monk on Sept 22, 2016.
             Was a Believer of Qazlal.
             Killed by divine providence
             ... invoked by an orc priest
              (14 damage)
             ... on level 4 of the Dungeon.
             The game lasted 00:09:53 (3437 turns).

Zekeros1 the Insei (Hill Orc Monk)                  Turns: 3437, Time: 00:09:53

Health: -12/55     AC:  2    Str: 14    XL:     6   Next: 33%
Magic:  6/6        EV: 16    Int: 10    God:    Qazlal [**....]
Gold:   149        SH:  3    Dex: 15    Spells: 0 memorised, 5 levels left

rFire  . . .     SeeInvis .       - Unarmed
rCold  . . .     Gourm    +     a - +0 robe
rNeg   . . .     Faith    .     (no shield)
rPois  .         Spirit   .     (no helmet)
rElec  .         Dismiss  .     (no cloak)
rCorr  .         Reflect  .     (no gloves)
SustAt .         Harm     .     (no boots)
MR     .....                    m - amulet of the gourmand
Stlth  ++........               (no ring)
                                g - +2 ring of evasion

@: not resistant to hostile enchantments, unstealthy
A: no striking features
a: Upheaval, Renounce Religion, Convert to Beogh


You were on level 4 of the Dungeon.
You worshipped Qazlal.
Qazlal was pleased with you.
You were not hungry.

You visited 1 branch of the dungeon, and saw 4 of its levels.

You collected 149 gold pieces.

Inventory:

Armour
 a - a +0 robe (worn)
 h - a +1 helmet
 r - a +0 robe
Jewellery
 g - a +2 ring of evasion (left hand)
 m - an amulet of the gourmand (around neck)
 u - a +3 amulet of reflection {unknown}
Scrolls
 c - 2 scrolls of teleportation {unknown}
 d - a scroll of identify
 e - a scroll of amnesia {unknown}
 f - a scroll of fear {unknown}
 p - a scroll of magic mapping {unknown}
 v - a scroll of noise {unknown}
Potions
 j - a potion of degeneration
 l - a potion of brilliance
 n - a potion of resistance
 o - a potion of cancellation {unknown}
 q - 2 potions of agility {unknown}
 s - a potion of berserk rage {unknown}
 t - a potion of might {unknown}
Comestibles
 b - 2 bread rations
 i - 2 meat rations
 k - 2 beef jerkies


   Skills:
 + Level 4.9 Fighting
 + Level 4.1 Dodging
 + Level 1.9 Stealth
 + Level 5.8 Unarmed Combat
 + Level 0.3 Invocations


You had 5 spell levels left.
You didn't know any spells.

Dungeon Overview and Level Annotations

Branches:
Dungeon (4/15)
 Temple: D:4-7

Altars:
Gozag
Nemelex Xobeh
Qazlal
Vehumet

Annotations:
D:4 Grinder


Message History

The orc priest shouts, "Beogh is our master!
Accept the truth or die!"
The orc shouts!
The orc priest casts a cantrip, but nothing happens.
Grinder gestures at you. You resist with significant effort.
The howler monkey skeleton is engulfed in roaring flames.
Grinder grins, showing sharp teeth.
You hit the ogre.
The ogre is almost dead.
You block the ogre's attack.
You hit the ogre.
The ogre is almost dead.
The ogre hits you with a giant club!!
Ouch! That really hurt!
* * * LOW HITPOINT WARNING * * *
You barely miss the ogre.
The ogre is almost dead.
The orc priest mumbles some strange prayers to Beogh against you.
Beogh smites you!
You die...

#..........#
##########..........####
....................†).#
....................##.#
...................###'###
............5......#.....#
............†o.....#.♣.♣.#####
.........l###§.....+.._..'....
.........ZooO@.###.#.♣.♣.#####
........oo####.# ..#.....#
.......o..# #.# ###+###
..........# .. ..........# #.#
.#.######## .) #. #.. ..


You could see Grinder, an ogre, an orc priest, 4 orcs, a giant newt and a howler
monkey skeleton.

Vanquished Creatures
  A phantom (D:3)
  Jessica (D:3)
  A worker ant (D:4)
  3 adders (D:2)
  5 worms
  4 dart slugs
  2 giant geckos
  9 orcs
  3 ball pythons
  6 giant cockroaches
  7 goblins
  5 hobgoblins
  9 jackals
  9 kobolds
  3 quokkas
  8 bats
  5 giant newts
  A jackal skeleton (D:4)
  7 rats (D:1)
89 creatures vanquished.

Notes
Turn   | Place    | Note
--------------------------------------------------------------
     0 | D:1      | Zekeros1 the Hill Orc Monk began the quest for the Orb.
     0 | D:1      | Reached XP level 1. HP: 19/19 MP: 1/1
    34 | D:1      | Reached XP level 2. HP: 11/27 MP: 2/2
   384 | D:1      | Reached XP level 3. HP: 14/33 MP: 3/3
   819 | D:1      | Reached skill level 5 in Unarmed Combat
  1150 | D:2      | Reached XP level 4. HP: 13/40 MP: 4/4
  2379 | D:3      | Found a faded altar to an unknown god.
  2412 | D:3      | Became a worshipper of Qazlal Stormbringer
  2412 | D:3      | Reached * piety under Qazlal
  2412 | D:3      | Reached ** piety under Qazlal
  2426 | D:3      | Noticed Jessica
  2432 | D:3      | Killed Jessica
  2432 | D:3      | Reached XP level 5. HP: 29/47 MP: 1/5
  2666 | D:3      | Noticed a phantom
  2729 | D:3      | Killed a phantom
  2729 | D:3      | Reached XP level 6. HP: 28/55 MP: 6/6
  2769 | D:3      | Found an opulent altar of Gozag.
  3329 | D:4      | Found a sparkling altar of Nemelex Xobeh.
  3356 | D:4      | Found a radiant altar of Vehumet.
  3421 | D:4      | Noticed Grinder
  3436 | D:4      | HP: 2/55 [ogre/giant club (29)]
  3437 | D:4      | Killed from afar by an orc priest

Skill      XL: |  1  2  3  4  5 |
---------------+----------------+-----
Unarmed Combat | 5 |  5.8
Fighting       | 4 |  4.9
Dodging        | 3 4 |  4.1
Stealth        | |  1.9
Invocations    | |  0.3

Action                   |  1- 3 |  4- 6 || total
-------------------------+-------+-------++-------
Melee: Unarmed           |   124 |   217 ||   341
       Punch             |     3 |     7 ||    10
Invok: Upheaval          |       |     3 ||     3
  Use: Scroll            |       |     6 ||     6
 Stab: Sleeping          |     3 |       ||     3
  Eat: Bread ration      |     1 |     1 ||     2
       Chunk             |       |     3 ||     3
Armor: Robe              |    28 |    21 ||    49
Dodge: Dodged            |    91 |   160 ||   251
Block: Other             |       |    16 ||    16
